Description

This build Order is a 2-base DT Drop into Archon/chargelot. The build order is strong for mid-game defense and an amazing all-in against a greedy terran.

VOD

https://youtu.be/oBxXAjfihqs

Replay - IIIIIIIIIIII v Trek - Romanticide LE

Build Order

Get SALT Encoding   

  12  0:00  Probe  
  13  0:13  Probe  
  14  0:18  Pylon  
  14  0:25  Probe (Chrono Boost)  
  15  0:36  Probe (Chrono Boost)  
  15  0:38  Gateway  
  16  0:43  Probe  
  16  0:46  Assimilator  
  17  0:55  Probe  
  18  1:07  Probe  
  19  1:19  Probe  
  20  1:26  Zealot  
  20  1:28  Cybernetics Core  
  20  1:31  Probe, Pylon  
  23  1:42  Assimilator  
  23  1:49  Probe  
  25  2:03  Adept (Chrono Boost)  
  28  2:19  Nexus  
  28  2:20  Warp Gate  
  28  2:32  Twilight Council  
  29  2:39  Pylon  
  29  2:44  Adept  
  32  3:02  Robotics Facility  
  32  3:09  Pylon  
  33  3:20  Dark Shrine  
  37  3:42  Gateway x2  
  37  3:55  Warp Prism (Chrono Boost)  
  41  4:07  Charge (Chrono Boost)  
  41  4:15  Gateway  
  41  4:24  Observer (Chrono Boost)  
  42  4:34  Dark Templar x2  
  43  4:49  Zealot  
  47  4:58  Gateway x2  
  47  5:03  Gateway  
  48  5:09  Zealot x3  
  54  5:21  Dark Templar  
  56  5:25  Gateway  
  56  5:27  Pylon  
  56  5:30  Zealot  
  58  5:52  Dark Templar x2  
  58  5:55  Zealot x3  
  68  5:57  Archon x2  
  68  6:02  Zealot  
Spawning Tool Build Advisor. Get it on Overwolf

Go to:

Details

  • Created by: zuka      
  • Published on: Jul 24, 2021
  • Patch: 4.11.0
  • Difficulty: Easy
Show
View Real Time Build Order
Export as new Build Order

Comments (0)

There are no comments. Be the first!

Create an account to comment!